 Dungeon Sprint DCSS version 0.30-a0-840-ga523dec638 (webtiles) character file.

Game seed: 9674476479611185017

430 NinjaNoafa the Covert (level 6, -1/30 HPs)
             Began as a Spriggan Warper on Mar 2, 2023.
             Was a Follower of Uskayaw.
             Slain by a wyvern (10 damage)
             ... in the Dungeon (Sprint VII: "The Pits").
             The game lasted 00:03:35 (504 turns).

NinjaNoafa the Covert (Spriggan Warper)              Turns: 504, Time: 00:03:35

Health: -1/30      AC:  2    Str:  7    XL:     6   Next: 66%
Magic:  18/18      EV: 18    Int: 16    God:    Uskayaw [*.....]
Gold:   0          SH:  0    Dex: 15    Spells: 11/21 levels left

rFire   . . .      SeeInvis +    a - +1 dagger (elec)
rCold   . . .      Faith    .    (no shield)
rNeg    . . .      Spirit   .    b - +0 robe
rPois   .          Reflect  .    (helmet restricted)
rElec   .          Harm     .    (no cloak)
rCorr   .          Rampage  .    (gloves unavailable)
Will    +....      NoTele   +    (boots unavailable)
Stlth   +++++                    (no amulet)
HPRegen 0.25/turn                (no ring)
MPRegen 0.16/turn                (no ring)

@: very quick
A: very small, no large weapons, unfitting armour, see invisible, speed 3
a: Renounce Religion, Stomp


You were in the Dungeon.
You worshipped Uskayaw.
Uskayaw was noncommittal.
You visited 1 branch

Inventory:

Hand Weapons
 a - a +1 dagger of electrocution (weapon)
Missiles
 d - 7 boomerangs of dispersal
Armour
 b - a +0 robe (worn)
Scrolls
 c - 2 scrolls of blinking
 k - 5 scrolls of amnesia
 l - a scroll of summoning
 m - 2 scrolls of vulnerability
Potions
 e - 6 potions of curing
 f - 4 potions of heal wounds
 g - a potion of haste
 h - 2 potions of magic
 i - 2 potions of berserk rage
 j - a potion of invisibility


   Skills:
 + Level 2.2 Fighting
 + Level 3.2 Short Blades
 - Level 1.0 Throwing
 + Level 4.1 Dodging
 + Level 12.8 Stealth
 - Level 8.0 Spellcasting
 - Level 10.0 Translocations
 - Level 6.0 Air Magic
 + Level 0.3 Invocations


You had 11 spell levels left.
You knew the following spells:

 Your Spells              Type           Power      Damage    Failure   Level
a - Blink                 Tloc           76%        N/A       1%          2
b - Lesser Beckoning      Tloc           76%        N/A       1%          2
c - Teleport Other        Tloc           38%        N/A       1%          3
d - Vhi's Electric Charg  Tloc/Air       64%        N/A       1%          3

Your spell library contained the following spells:

 Spells                   Type           Power      Damage    Failure   Level
 Manifold Assault         Tloc           38%        N/A       1%          4


Dungeon Overview and Level Annotations

Branches:
Dungeon (1/1)

Altars:
Ashenzari
Cheibriados
Dithmenos
Elyvilon
Fedhas
Gozag
Hepliaklqana
Kikubaaqudgha
Makhleb
Nemelex Xobeh
Okawaru
Qazlal
Ru
Sif Muna
Trog
Uskayaw
Vehumet
Wu Jian
Xom
Yredelemnul
Zin
The Shining One
Jiyva
Lugonu


Innate Abilities, Weirdness & Mutations

You are very small and have problems with some larger weapons.
You are too small for most types of armour.
You have supernaturally acute eyesight. (SInv)
You cover ground extremely quickly. (Speed+++)


Message History

Items here: )) ††.
Things that are here:
a +0 whip; a +0 leather armour You start resting.
You flicker for a moment.
You start resting.
You flicker back into view.
You start resting.
Your magical contamination has completely faded away.
You start resting.
HP restored.
You start resting.
Magic restored.
You open the door.
A giant cockroach comes into view.
There is an open door here.
The helpless giant cockroach fails to defend itself.
You spit the giant cockroach like a pig!!!
You kill the giant cockroach!
You see here a giant cockroach corpse.
You open the door.
A wyvern comes into view.
The wyvern hisses angrily.
The wyvern bites you but does no damage.
You hit the wyvern.
The wyvern is lightly wounded.
The wyvern misses you.
You barely miss the wyvern.
The wyvern is lightly wounded.
The wyvern bites you but does no damage.
You hit the wyvern.
The wyvern is lightly wounded.
The wyvern bites you.
You closely miss the wyvern.
The wyvern is lightly wounded.
The wyvern bites you!
Ouch! That really hurt!
* * * LOW HITPOINT WARNING * * *
The wyvern bites you!
You die...

#.#..#.)))[##.......#
#)###########.......#
#.......# #########
#)).....# #..)#...#
#†.###..#+#
#..†#...#.+
#.†.....#l#
#.......'@#
###########


You could see a wyvern.

Vanquished Creatures
  2 sky beasts (D)
  A phantom (D)
  A necrophage (D)
  A gnoll bouda (D)
  4 gnolls (D)
  2 adders (D)
  A river rat (D)
  A bat zombie (D)
  An endoplasm (D)
  2 giant cockroaches (D)
  3 goblins (D)
  2 jackals (D)
21 creatures vanquished.

Notes
Turn   | Place    | Note
-------+----------+-------------------------------------------
     0 | D        | NinjaNoafa the Spriggan Warper began the quest for the Orb.
     0 | D        | Reached XP level 1. HP: 10/10 MP: 5/5
    23 | D        | Reached skill level 1 in Stealth
    50 | D        | Found a bloodstained altar of Trog.
    50 | D        | Found a shimmering blue altar of Sif Muna.
    50 | D        | Found a viscous altar of Jiyva.
    50 | D        | Found a hazy altar of Hepliaklqana.
    50 | D        | Found an opulent altar of Gozag.
    51 | D        | Found a glowing golden altar of the Shining One.
    51 | D        | Found a glowing silver altar of Zin.
    51 | D        | Found a basalt altar of Yredelemnul.
    51 | D        | Found a shimmering altar of Xom.
    51 | D        | Found an ornate altar of the Wu Jian Council.
    51 | D        | Found a sacrificial altar of Ru.
    51 | D        | Found a stormy altar of Qazlal.
    51 | D        | Found an iron altar of Okawaru.
    51 | D        | Found a sparkling altar of Nemelex Xobeh.
    51 | D        | Found a burning altar of Makhleb.
    51 | D        | Found a blossoming altar of Fedhas.
    51 | D        | Found a white marble altar of Elyvilon.
    51 | D        | Found a shadowy altar of Dithmenos.
    51 | D        | Found a snail-covered altar of Cheibriados.
    52 | D        | Found a radiant altar of Vehumet.
    52 | D        | Found a corrupted altar of Lugonu.
    53 | D        | Found a hide-covered altar of Uskayaw.
    53 | D        | Found an ancient bone altar of Kikubaaqudgha.
    53 | D        | Found a broken altar of Ashenzari.
    61 | D        | Became a worshipper of Uskayaw the Reveller
    82 | D        | Reached * piety under Uskayaw
    83 | D        | Reached ** piety under Uskayaw
    84 | D        | Reached skill level 2 in Stealth
    84 | D        | Reached skill level 5 in Translocations
    84 | D        | Reached XP level 2. HP: 9/15 MP: 7/7
    93 | D        | Learned a level 2 spell: Blink
    96 | D        | Learned a level 2 spell: Lesser Beckoning
   141 | D        | Noticed a sky beast
   162 | D        | Reached *** piety under Uskayaw
   163 | D        | Killed a sky beast
   164 | D        | Reached skill level 12 in Stealth
   164 | D        | Reached XP level 3. HP: 17/18 MP: 9/9
   164 | D        | Reached XP level 4. HP: 21/23 MP: 10/10
   166 | D        | Reached **** piety under Uskayaw
   242 | D        | Learned a level 3 spell: Teleport Other
   246 | D        | Learned a level 3 spell: Vhi's Electric Charge
   297 | D        | Noticed a necrophage
   297 | D        | Noticed a phantom
   373 | D        | Reached skill level 1 in Air Magic
   373 | D        | Noticed a sky beast
   383 | D        | Killed a sky beast
   384 | D        | Reached XP level 5. HP: 13/26 MP: 1/14
   384 | D        | Killed a phantom
   384 | D        | Reached ***** piety under Uskayaw
   385 | D        | Reached XP level 6. HP: 16/30 MP: 1/17
   386 | D        | Reached skill level 10 in Translocations
   386 | D        | Reached skill level 5 in Air Magic
   500 | D        | Noticed a wyvern
   504 | D        | Slain by a wyvern

Illustrated notes

Levels and vault maps discovered:
D:        pitsprint [storerooms_1, entrance_room_1, metal_vault_4, armoury_3,
          mini_pit_1, grid_room_1, main_hall_1, silver_pit, the_coven_1,
          the_vestibule_1, steel_vault_2, golden_pit, hallway_of_sentries,
          crystal_vault_1, iron_vault_3, final_vault]

Skill      XL: |  1  2  3  4  5  6 |
---------------+-------------------+-----
Stealth        | 2 12 | 12.8
Fighting       | 2 |  2.2
Short Blades   | 3 |  3.2
Spellcasting   | 3 6 7 8 |  8.0
Translocations | 5 7 9 10 | 10.0
Dodging        | 4 |  4.1
Air Magic      | 3 4 6 |  6.0
Throwing       | |  1.0
Invocations    | |  0.3

Action                     |  1- 3 |  4- 6 || total
---------------------------+-------+-------++-------
  Melee: Short sword       |    12 |       ||    12
         Dagger            |    19 |    28 ||    47
   Cast: Vhi's Electric Ch |       |     7 ||     7
         Teleport Other    |       |     3 ||     3
    Use: Potion            |     2 |     4 ||     6
   Stab: Paralysed         |     1 |     2 ||     3
         Invisible         |       |     2 ||     2
         Sleeping          |       |     1 ||     1
 Armour: Robe              |     1 |     3 ||     4
  Dodge: Dodged            |    34 |    36 ||    70

Table legend: (Time is in decaauts)
 A = Elapsed time spent in this place.
 B = Non-inter-level travel time spent in this place.
 C = Inter-level travel time spent in this place.
 D = Time resting spent in this place.
 E = Time spent auto-exploring this place.
 F = Levels seen in this place.
 G = Mean time per level.
                   A        B        C        D        E       F      G
               +--------+--------+--------+--------+--------+-----+--------+
         Total |    415 |    393 |     22 |    186 |      0 |   1 |  415.0 |
       Dungeon |    415 |    393 |     22 |    186 |      0 |   1 |  415.0 |
               +--------+--------+--------+--------+--------+-----+--------+

Top non-repeatable levels by time:
       D: 415 daAuts
